 Dungeon Crawl Stone Soup version 0.28.0-53-g5a82cb258f (webtiles) character file.

Game seed: 6894982265369624935

28 jiml777 the Insei (level 3, -2/28 HPs)
             Began as a Gnoll Transmuter on July 6, 2022.
             Slain by a worm (9 damage)
             ... on level 2 of the Dungeon.
             The game lasted 00:05:10 (1066 turns).

jiml777 the Insei (Gnoll Transmuter)                Turns: 1066, Time: 00:05:10

Health: -2/28      AC:  2    Str:  9    XL:     3   Next: 12%
Magic:  9/9        EV: 13    Int: 14    God:
Gold:   53         SH:  0    Dex: 12    Spells: 11/12 levels left

rFire   . . .      SeeInvis .   i - +3 flail
rCold   . . .      Faith    .   (no shield)
rNeg    . . .      Spirit   .   a - +0 robe
rPois   .          Reflect  .   (no helmet)
rElec   .          Harm     .   (no cloak)
rCorr   .          Rampage  .   (no gloves)
Will    .....                   (no boots)
Stlth   +.........              (no amulet)
HPRegen 0.09/turn               (no ring)
MPRegen 0.11/turn               (no ring)

@: no status effects
A: fangs 1, strong nose, distributed training
a: no special abilities


You were on level 2 of the Dungeon.
You visited 1 branch of the dungeon, and saw 2 of its levels.

You collected 53 gold pieces.

Inventory:

Hand Weapons
 i - a +3 flail (weapon)
Missiles
 e - 65 stones
 g - 13 sling bullets
 j - 5 poisoned darts
Armour
 a - a +0 robe (worn)
Jewellery
 c - a ring of fire
Scrolls
 d - a scroll of magic mapping {unknown}
 f - a scroll of teleportation {unknown}
Potions
 b - a potion of resistance {unknown}
 k - 2 potions of degeneration {unknown}


   Skills:
 + Level 2.5 Fighting
 + Level 0.6 Short Blades
 + Level 0.6 Long Blades
 + Level 0.6 Axes
 + Level 0.6 Maces & Flails
 + Level 0.6 Polearms
 + Level 0.6 Staves
 + Level 0.6 Slings
 + Level 0.6 Bows
 + Level 0.6 Crossbows
 + Level 0.6 Throwing
 + Level 0.6 Armour
 + Level 4.5 Dodging
 + Level 0.6 Stealth
 + Level 0.6 Shields
 + Level 6.5 Unarmed Combat
 + Level 5.0 Spellcasting
 + Level 0.4 Conjurations
 + Level 0.4 Hexes
 + Level 0.4 Summonings
 + Level 0.4 Necromancy
 + Level 0.4 Translocations
 + Level 3.7 Transmutations
 + Level 0.4 Fire Magic
 + Level 0.4 Ice Magic
 + Level 0.4 Air Magic
 + Level 0.4 Earth Magic
 + Level 0.4 Poison Magic
 + Level 0.8 Invocations
 + Level 0.6 Evocations


You had 11 spell levels left.
You knew the following spells:

 Your Spells              Type           Power      Damage    Failure   Level
a - Beastly Appendage     Tmut           28%        N/A       3%          1

Your spell library contained the following spells:

 Spells                   Type           Power      Damage    Failure   Level
 Wereblood                Tmut           14%        N/A       5%          2
 Corpse Rot               Necr/Air       8%         N/A       22%         2
 Spider Form              Tmut/Pois      9%         N/A       22%         3
 Summon Guardian Golem    Hex/Summ       4%         N/A       41%         3
 Ice Form                 Ice/Tmut       9%         N/A       58%         4
 Dispel Undead            Necr           4%         3d7       82%         4
 Death Channel            Necr           2%         N/A       100%        6
 Orb of Destruction       Conj           2%         9d5       100%        7
 Spellforged Servitor     Conj/Summ      2%         N/A       100%        7


Dungeon Overview and Level Annotations

Branches:
Dungeon (2/15)

Altars:


Innate Abilities, Weirdness & Mutations

You have very sharp teeth.
Your uncanny sense of smell can sniff out nearby items.
Your experience applies equally to all skills.


Message History

Your experience leads to an increase in your attributes!
Increase (S)trength, (I)ntelligence, or (D)exterity?
You feel clever. x2
You closely miss the frilled lizard.
A frilled lizard comes into view.
The jackal bites you. The frilled lizard misses you. The jackal bites you.
You hit the frilled lizard.
You kill the frilled lizard!
The jackal bites you but does no damage.
A kobold comes into view. It is wielding a +0 falchion.
The jackal barely misses you.
The kobold shouts!
You sock the jackal!
You kill the jackal!
The frilled lizard barely misses you.
Your Spellcasting skill increases to level 5!
You miss the frilled lizard. The frilled lizard bites you.
You miss the frilled lizard. The kobold hits you with a +0 falchion.
The frilled lizard bites you.
* * * LOW HITPOINT WARNING * * *
The kobold hits you with a +0 falchion.
* * * LOW HITPOINT WARNING * * *
You closely miss the kobold. You punch the kobold.
You kill the kobold!
The frilled lizard bites you.
* * * LOW HITPOINT WARNING * * *
The frilled lizard barely misses you.
You sock the hobgoblin!
You kill the hobgoblin!
The frilled lizard closely misses you.
You hit the worm.
The worm is lightly wounded.
The frilled lizard completely misses you.
It was a potion of curing.
You feel better. The frilled lizard barely misses you. The worm bites you.
* * * LOW HITPOINT WARNING * * *
You barely miss the worm.
The worm is lightly wounded.
The frilled lizard barely misses you. The worm bites you!
You die...

.∆ . .. .. .##
... .. ....
#.#### .....
....
......###.####
#.w@lh...###.
######.#.....
#.####..##
#...# #..###
###.###....
#...##.##
###.....#
###...##
###..##


You could see a worm, a jackal and a frilled lizard.

Vanquished Creatures
  3 ball pythons (D:1)
  2 endoplasms (D:1)
  4 hobgoblins
  3 jackals (D:2)
  A quokka (D:1)
  3 bats (D:1)
  2 frilled lizards
  3 kobolds
  6 rats
27 creatures vanquished.

Notes
Turn   | Place    | Note
-------+----------+-------------------------------------------
     0 | D:1      | jiml777 the Gnoll Transmuter began the quest for the Orb.
     0 | D:1      | Reached XP level 1. HP: 17/17 MP: 6/6
    72 | D:1      | Found a faded altar of an unknown god.
   429 | D:1      | Reached XP level 2. HP: 22/23 MP: 7/7
  1057 | D:2      | Reached XP level 3. HP: 14/28 MP: 9/9
  1060 | D:2      | Reached skill level 5 in Spellcasting
  1066 | D:2      | Slain by a worm

Illustrated notes

Levels and vault maps discovered:
D:1:      minmay_arrival_three_doors, layout_loops_ring,
          hellmonk_ecumenical_altar_zigzags
D:2:      layout_rooms, minmay_tetromino_t4

Skill      XL: |  1  2  3 |
---------------+----------+-----
Spellcasting   | 5 |  5.0
Fighting       | |  2.5
Short Blades   | |  0.6
Long Blades    | |  0.6
Axes           | |  0.6
Maces & Flails | |  0.6
Polearms       | |  0.6
Staves         | |  0.6
Slings         | |  0.6
Bows           | |  0.6
Crossbows      | |  0.6
Throwing       | |  0.6
Armour         | |  0.6
Dodging        | |  4.5
Stealth        | |  0.6
Shields        | |  0.6
Unarmed Combat | |  6.5
Conjurations   | |  0.4
Hexes          | |  0.4
Summonings     | |  0.4
Necromancy     | |  0.4
Translocations | |  0.4
Transmutations | |  3.7
Fire Magic     | |  0.4
Ice Magic      | |  0.4
Air Magic      | |  0.4
Earth Magic    | |  0.4
Poison Magic   | |  0.4
Invocations    | |  0.8
Evocations     | |  0.6

Action                   || total
-------------------------++-------
Melee: Unarmed           ||     6
       Flail             ||    50
       Mace              ||     4
       Kick              ||     3
       Headbutt          ||     2
       Bite              ||     5
       Punch             ||     1
 Cast: Beastly Appendage ||     5
  Use: Potion            ||     1
 Stab: Sleeping          ||     1
Armor: Robe              ||    10
Dodge: Dodged            ||    46
